Map: Port Aleksander LE

Players

nightstalker

  • Race: Protoss Protoss
  • Spawn Location: 11:00

TiPtOP - Winner!

  • Race: Terran Terran
  • League: Silver
  • Spawn Location: 5:00

VOD

Have the link to the VOD?

Description

Time

  • Played on: May 11, 2019, 4:05 a.m.
  • Length: 10:11
Show
View Real Time Build Order
Export as new Build Order

nightstalker Protoss 

Build Orders: Double Forge 

Get SALT Encoding   

  1  0:00  Probe  
  12  0:05  Probe  
  14  0:25  Pylon  
  14  0:27  Probe  
  15  0:39  Assimilator  
  15  0:43  Probe  
  16  0:55  Probe  
  17  0:58  Gateway  
  17  1:07  Probe  
  17  1:11  Gateway  
  18  1:21  Probe  
  19  1:29  Probe  
  19  1:38  Probe  
  20  1:44  Pylon  
  21  1:49  Zealot  
  23  2:02  Zealot, Probe  
  26  2:16  Nexus  
  26  2:26  Cybernetics Core  
  26  2:35  Probe  
  26  2:43  Probe  
  28  2:52  Probe  
  28  2:54  Assimilator  
  28  2:57  Pylon  
  29  3:01  Pylon  
  29  3:04  Probe  
  30  3:06  Twilight Council  
  30  3:11  Warp Gate  
  30  3:15  Adept  
  30  3:16  Probe  
  33  3:26  Shield Battery  
  33  3:28  Zealot  
  35  3:43  Probe  
  35  3:44  Charge  
  36  3:51  Probe  
  37  3:59  Zealot x2  
  37  4:01  Probe  
  41  4:09  Probe  
  42  4:13  Assimilator, Probe  
  44  4:17  Probe  
  41  4:25  Probe  
  41  4:26  Sentry  
  41  4:27  Probe  
  41  4:30  Stargate  
  43  4:33  Probe  
  44  4:39  Probe  
  44  4:41  Probe  
  44  4:43  Zealot  
  48  4:50  Forge  
  48  4:51  Probe x2  
  48  4:52  Zealot  
  51  4:55  Forge  
  52  5:03  Probe  
  53  5:07  Assimilator  
  53  5:10  Zealot  
  55  5:15  Probe, Oracle  
  55  5:19  Zealot, Gateway  
  61  5:21  Gateway  
  61  5:23  Protoss Ground Weapons Level 1  
  61  5:44  Pylon x2  
  61  5:45  Protoss Ground Armor Level 1  
  61  6:11  Gateway  
  61  6:12  Gateway  
  61  6:21  Robotics Facility  
  61  6:25  Pylon  
  61  6:26  Pylon  
  61  6:28  Pylon  
  61  7:12  Stalker  
  61  7:13  Stalker x3  
  69  7:23  Photon Cannon  
  69  7:25  Pylon  
  69  7:26  Observer  
  70  7:36  Photon Cannon  
  70  7:38  Oracle  
  70  7:41  Zealot x3, Pylon  
  70  7:42  Zealot  
  81  7:47  Observer  
  82  8:03  Photon Cannon  
  82  8:05  Zealot x4, Photon Cannon  
  86  8:09  Observer  
  91  8:17  Zealot x2  
  95  8:30  Warp Prism  
  95  8:32  Zealot  
  95  8:33  Zealot x3  
  105  9:00  Nexus  
  49  9:38  Zealot  
Show
View Real Time Build Order
Export as new Build Order

TiPtOP Terran - Winner!

Build Orders:  

Get SALT Encoding   

  12  0:01  SCV  
  13  0:13  SCV  
  14  0:21  Supply Depot  
  14  0:25  SCV  
  15  0:43  SCV  
  15  0:47  Barracks  
  16  0:55  SCV  
  17  0:57  Refinery  
  17  1:12  SCV  
  18  1:34  Orbital Command  
  18  1:39  Command Center  
  18  1:51  Barracks  
  18  1:54  Barracks Reactor  
  18  2:02  SCV  
  19  2:17  SCV  
  19  2:22  Supply Depot  
  20  2:30  Marine x2  
  20  2:35  SCV  
  23  2:38  Barracks Tech Lab  
  23  2:49  Marine x2  
  24  2:57  SCV, Supply Depot  
  25  2:58  SCV  
  26  3:11  Barracks  
  26  3:17  SCV  
  27  3:21  SCV  
  27  3:23  Marine x3  
  27  3:26  Stimpack  
  31  3:35  SCV x2  
  33  3:42  Marine x2  
  33  3:43  Marine  
  36  3:54  SCV x2  
  38  3:58  Barracks Reactor  
  38  4:02  Factory  
  38  4:06  Refinery, SCV x2  
  40  4:11  Marine x3  
  42  4:27  SCV  
  42  4:28  SCV  
  44  4:40  SCV x2  
  44  4:41  Marine x4  
  44  4:42  Marine  
  51  4:48  Starport  
  51  4:49  Factory Reactor  
  51  4:55  SCV  
  51  4:58  SCV, Marine  
  54  5:05  Supply Depot  
  54  5:09  Supply Depot  
  54  5:27  Marine x5  
  59  5:38  Factory Tech Lab  
  59  5:43  Command Center  
  59  5:47  Engineering Bay, Combat Shield  
  59  5:49  Marine x4, Marauder  
  64  5:55  Supply Depot  
  65  6:00  Medivac x2  
  69  6:15  Supply Depot  
  69  6:17  Siege Tank  
  72  6:33  Missile Turret  
  72  6:34  Terran Infantry Weapons Level 1  
  72  6:40  Medivac  
  59  7:14  SCV  
  60  7:26  SCV  
  61  7:31  Marine x2  
  61  7:32  Refinery, Marine x2, Marauder  
  67  7:38  SCV  
  68  7:59  Marine x4, Marauder  
  74  8:10  Siege Tank  
  74  8:11  Medivac  
  79  8:17  Marine  
  80  8:26  SCV x2  
  82  8:38  SCV x2  
  84  8:42  Siege Tank  
  87  8:50  SCV  
  86  9:03  SCV  
  86  9:14  Marine  
  86  9:15  Marine x3, Marauder  
  95  9:17  Siege Tank  
  93  9:32  Marine  
Tags
 
Add a new tag
Caveats
  • Supply blocks, unpowered buildings, or Contaminate may cause inaccurate times.
  • Supply counts are checked every 10 seconds.